 Dungeon Crawl Stone Soup version 0.31.0-11-ge490571c62 (webtiles) character file.

Game seed: 7034755831809010019

29162 Ruich the Severer (level 13, 0/92 HPs)
             Began as a Tengu Berserker on Feb 1, 2024.
             Was an Elder of Trog.
             Slain by a death yak (17 damage)
             ... on level 4 of the Lair of Beasts.
             The game lasted 00:34:47 (16730 turns).

Ruich the Severer (Tengu Berserker)                Turns: 16730, Time: 00:34:48

Health: 0/92       AC: 23    Str: 21    XL:     13   Next: 43%
Magic:  14/14      EV: 13    Int:  9    God:    Trog [****..]
Gold:   790        SH:  0    Dex: 14    Spells: 12/12 levels left

rFire   . . .        l - +4 war axe (heavy)
rCold   . . .        (no shield)
rNeg    + . .        o - +0 shadow dragon scales
rPois   .            (helmet restricted)
rElec   .            q - +2 cloak
rCorr   .            (no gloves)
SInv    .            (boots unavailable)
Will    ++...        (no amulet)
Stlth   ++           T - +4 ring of protection
HPRegen 1.35/turn    N - ring of positive energy
MPRegen 0.14/turn

%: acrobat
@: strong-willed, flying, regenerating
A: beak, talons 3, evasive flight, acrobatic
a: Renounce Religion, Berserk, Trog's Hand, Brothers in Arms


You were on level 4 of the Lair of Beasts.
You worshipped Trog.
Trog was greatly pleased with you.
You visited 2 branches of the dungeon, and saw 15 of its levels.

You collected 849 gold pieces.
You spent 59 gold pieces at shops.


Innate Abilities, Weirdness & Mutations

You have a beak for a mouth.
You have claws for feet.
Your magical flight helps you evade attacks. (EV +4)
You can magically evade attacks while moving or waiting.


   Skills:
 * Level 15.0 Fighting
 - Level 16.0 Axes
 - Level 10.1 Armour
 - Level 2.1 Dodging


You had 12 spell levels left.
You didn't know any spells.
Your spell library was empty.

Inventory:

Hand Weapons
 l - a +4 heavy war axe (weapon)
 y - a +1 demon whip of venom
Missiles
 u - 12 javelins
 C - 2 throwing nets {=f}
 F - 20 poisoned darts
Armour
 o - +0 shadow dragon scales (worn)
 q - a +2 cloak (worn)
Jewellery
 f - a ring of fire
 n - a ring of positive energy
 D - a +6 ring of dexterity
 N - a ring of positive energy (right hand)
 T - a +4 ring of protection (left hand)
Wands
 g - a wand of quicksilver (15)
 k - a wand of paralysis (5)
 p - a wand of iceblast (5)
 r - a wand of polymorph (16)
Scrolls
 a - 11 scrolls of teleportation {@r2}
 d - 3 scrolls of blinking
 h - 3 scrolls of identify {@r1}
 i - 7 scrolls of immolation
 m - a scroll of noise {unknown}
 t - 3 scrolls of poison
Potions
 b - 2 potions of haste {@q3}
 c - 2 potions of might
 e - a potion of ambrosia
 j - 7 potions of curing (quivered) {@q1}
 s - 4 potions of brilliance
 v - a potion of heal wounds {@q2}
 w - a potion of cancellation
 x - 2 potions of enlightenment {unknown}
 A - a potion of lignification {unknown}
 B - a potion of attraction {unknown}
 E - a potion of mutation {unknown}
Miscellaneous
 z - a phial of floods

Dungeon Overview and Level Annotations

Branches:
Dungeon (10/15)            Temple (0/1) D:5            Lair (5/5) D:10
 Shoals (0/4) Lair:2        Snake (0/4) Lair:3        Slime (0/5) Lair:4
    Orc: D:9-12

Altars:
Cheibriados
Kikubaaqudgha
Vehumet
The Shining One
Jiyva

Shops:
D:2 :(:   D:6 (   D:7 !

Portals:
Abyss: Lair:3
Trove: D:10 (give 12 potions of heal wounds)

Annotations:
D:7 2 transporters, VoidStrider's ghost, novice TeAE
D:10 exclusion: electric eel
Lair:3 2 transporters, exclusion: molten gargoyle, zenocrate's ghost, journeyman VSEn

....##....###.######.##....###...
#...P..#...P.......#..........#.#
..#..........................##.#
.............#.##..##...........#
.............####..###..........#
........[.##.## #...##..##......#
..P.##..##...P###.>†.§..#........
....##.###.#.P##.Y†..............
.##.##<†......##@##..#...#.....##
.##.#.##.######..##............#
....##.#####PP##.#######.P######
..................# ####
##P###..#...##...## ###
######.###.## ### ###


You could see a death yak.


Message History

The death yak closely misses you.
You barely miss the death yak.
The death yak is severely wounded.
The death yak gores you!
* * * LOW HITPOINT WARNING * * *
The blink frog blinks!
Unknown command.
You hit the death yak but do no damage. You claw the death yak.
The death yak is severely wounded.
The death yak gores you.
* * * LOW HITPOINT WARNING * * *
Unknown command.
Use which ability? (? or * to list)
Okay, then.
Use which ability? (? or * to list)
Your skin crawls.
You feel strong-willed. The death yak misses you.
Unknown command.
You hit the death yak.
You claw the death yak, but do no damage.
You peck the death yak.
The death yak is almost dead.
The blink frog blinks!
The death yak gores you but does no damage.
You barely miss the death yak.
You peck the death yak, but do no damage.
The death yak is almost dead.
The death yak barely misses you. The death yak gores you!
You die...

Skill      XL: |  1  2  3  4  5  6  7  8  9 10 11 12 13 |
---------------+----------------------------------------+-----
Axes           | 4 5 6 7 9 11 13 14 15 16 | 16.0
Armour         | 3 4 5 6 7 9 10 | 10.1
Fighting       | 4 5 6 7 8 10 13 15 | 15.0
Dodging        | |  2.1

Action                     |  1- 3 |  4- 6 |  7- 9 | 10-12 | 13-15 || total
---------------------------+-------+-------+-------+-------+-------++-------
  Melee: Hand axe          |    71 |    13 |       |       |       ||    84
         Kick              |    19 |    17 |    80 |   134 |    22 ||   272
         Peck              |     6 |     6 |    32 |    89 |    25 ||   158
         Punch             |     1 |       |     4 |     3 |       ||     8
         War axe           |       |    90 |   235 |   402 |    84 ||   811
  Throw: Dart              |     2 |     8 |     2 |     4 |       ||    16
 Invoke: Trog's Hand       |       |     3 |     1 |     4 |     1 ||     9
         Berserk           |       |       |     2 |     5 |     1 ||     8
         Brothers in Arms  |       |       |     1 |     4 |       ||     5
  Evoke: Wand              |       |       |       |     2 |       ||     2
    Use: Scroll            |       |     9 |       |    16 |       ||    25
         Potion            |       |       |       |     2 |       ||     2
   Stab: Sleeping          |       |       |     3 |    11 |     1 ||    15
 Armour: Animal skin       |     4 |       |       |       |       ||     4
         Plate armour      |    35 |    97 |    38 |       |       ||   170
         Shadow dragon sca |       |       |   128 |   383 |    94 ||   605
  Dodge: Dodged            |    48 |    58 |   215 |   360 |    62 ||   743

Levels and vault maps discovered:
D:1:      scummos_arrival_checkerplants, layout_loops_ring,
          basic_ecumenical_altar, grunt_decor_clamped, minmay_pentomino_x2
D:2:      layout_rooms, serial_shops, nicolae_shop_hallway_plus, shop,
          nicolae_shop_window_shopping
D:3:      layout_rooms, lemuel_round_altar, minmay_tree_intersection,
          amcnicky_mini_pool_small
D:4:      layout_cave_pods, nrook_uturn, uniq_eustachio
D:5:      layout_cave_pods, overflow_temple_1_default, lemuel_temple_firewalk_b
D:6:      layout_rooms, serial_shops, nicolae_shop_bloodbath_and_beyond
D:7:      minmay_flawed_box, layout_basic, nicolae_overflow_two_pavilions,
          gammafunk_ghost_arena, serial_shops, nicolae_shop_window_shopping,
          st_stairs_8, uniq_jeremiah, uniq_crazy_yiuf_cottage, uniq_menkaure
D:8:      layout_basic
D:9:      layout_small_grid, uniq_joseph
D:10:     minmay_twisted_water, layout_small_grid, minmay_lair_entry_lava,
          ploomutoo_gammafunk_ghost_potion_laboratory, serial_undead,
          serial_undead_a, serial_undead_d, serial_undead_a, serial_undead_b,
          nicolae_trove_entry_diagonal
Lair:1:   layout_hall_layers, portal_ice_cave_entry_ice_simulacra
Lair:2:   layout_cave_pods, minmay_shoals_entry_lonely_mermaid, uniq_amaemon
Lair:3:   layout_gridlike, minmay_snake_entry_guardpost_small,
          gammafunk_ghost_abyssal_escape
Lair:4:   layout_loops_ring, slime_entry_1, uniq_urug
Lair:5:   due_jungle_book, layout_regular_city, enter_volcano_1, uniq_kirke

Notes
Turn   | Place    | Note
-------+----------+-------------------------------------------
     0 | D:1      | Ruich the Tengu Berserker began the quest for the Orb.
     0 | D:1      | Reached XP level 1. HP: 14/14 MP: 2/2
    20 | D:1      | Found a faded altar of an unknown god.
   120 | D:1      | Reached XP level 2. HP: 16/19 MP: 3/3
   670 | D:1      | Reached XP level 3. HP: 20/23 MP: 4/4
   880 | D:1      | Reached skill level 4 in Axes
   915 | D:2      | Found Zakk's Antique Weapon Shoppe.
   955 | D:2      | Identified the +0 dagger of the Chain {drain, rC- rN+
                  | Dex+5}
  1001 | D:2      | Reached ** piety under Trog
  1022 | D:2      | Reached XP level 4. HP: 26/29 MP: 5/5
  1050 | D:2      | Found Gub Rew's Book Emporium.
  1053 | D:2      | Reached skill level 3 in Armour
  1140 | D:2      | Bought a war axe for 59 gold pieces
  1196 | D:2      | Found Temefey's Book Boutique.
  1465 | D:3      | Reached skill level 4 in Fighting
  1465 | D:3      | Reached XP level 5. HP: 21/33 MP: 6/6
  1677 | D:3      | Reached skill level 5 in Axes
  1899 | D:3      | Found a snail-covered altar of Cheibriados.
  2092 | D:4      | Reached *** piety under Trog
  2093 | D:4      | Reached XP level 6. HP: 36/38 MP: 7/7
  2111 | D:4      | Reached skill level 4 in Armour
  2174 | D:4      | Noticed Eustachio
  2299 | D:4      | Reached skill level 6 in Axes
  2527 | D:4      | Killed Eustachio
  2528 | D:4      | Gained mutation: Your magical flight helps you evade
                  | attacks. (EV +4) [Tengu growth]
  2528 | D:4      | Reached XP level 7. HP: 39/44 MP: 8/8
  2637 | D:4      | Reached skill level 5 in Fighting
  3256 | D:5      | Entered Level 5 of the Dungeon
  3282 | D:5      | Reached skill level 7 in Axes
  3406 | D:5      | Reached skill level 5 in Armour
  3413 | D:5      | Reached XP level 8. HP: 21/50 MP: 9/9
  3797 | D:5      | Reached skill level 8 in Axes
  4058 | D:5      | Found a radiant altar of Vehumet.
  4435 | D:5      | Reached skill level 6 in Fighting
  4602 | D:5      | Reached skill level 6 in Armour
  4704 | D:5      | Reached skill level 9 in Axes
  4774 | D:5      | Found a staircase to the Ecumenical Temple.
  4854 | D:6      | Reached XP level 9. HP: 56/56 MP: 10/10
  4882 | D:6      | Found Oquroh's Weapon Emporium.
  5309 | D:6      | Reached **** piety under Trog
  5792 | D:6      | Reached skill level 10 in Axes
  5792 | D:6      | Reached skill level 7 in Armour
  5876 | D:6      | Reached skill level 7 in Fighting
  6380 | D:7      | Found a transporter.
  6381 | D:7      | Noticed VoidStrider's ghost (novice TeAE)
  6415 | D:7      | Found a runed translucent door.
  6416 | D:7      | Noticed Crazy Yiuf
  6528 | D:7      | Noticed Menkaure
  6564 | D:7      | Killed Menkaure
  6565 | D:7      | Reached skill level 11 in Axes
  6668 | D:7      | Noticed Jeremiah
  6701 | D:7      | Killed Jeremiah
  6702 | D:7      | Reached XP level 10. HP: 36/64 MP: 11/11
  6947 | D:7      | Reached skill level 8 in Armour
  7039 | D:7      | Found a transporter.
  7282 | D:7      | Found a glowing golden altar of the Shining One.
  7283 | D:7      | Found an ancient bone altar of Kikubaaqudgha.
  7644 | D:7      | Found Mohabbio's Distillery.
  7767 | D:7      | Killed Crazy Yiuf
  7987 | D:8      | Reached skill level 8 in Fighting
  8542 | D:8      | Reached skill level 12 in Axes
  9190 | D:9      | Reached skill level 9 in Armour
  9198 | D:9      | Reached ***** piety under Trog
  9311 | D:9      | Noticed a green ugly thing
  9314 | D:9      | Killed a green ugly thing
  9513 | D:9      | Noticed Joseph
  9520 | D:9      | Killed Joseph
  9521 | D:9      | Reached skill level 13 in Axes
  9521 | D:9      | Reached XP level 11. HP: 47/69 MP: 12/12
  9697 | D:10     | Entered Level 10 of the Dungeon
  9701 | D:10     | Reached skill level 9 in Fighting
 10137 | D:10     | Found a staircase to the Lair.
 10138 | D:10     | Noticed a fire crab
 10150 | D:10     | HP: 4/71 [fire crab] (18)]
 10155 | D:10     | HP: 3/71 [fire crab] (25)]
 10435 | D:10     | Found a portal to a secret trove of treasure.
 10677 | D:10     | Noticed a boulder beetle
 10690 | D:9      | Killed a boulder beetle
 11056 | D:10     | Reached skill level 10 in Armour
 11059 | D:10     | Reached skill level 14 in Axes
 11216 | D:10     | Killed a fire crab
 11217 | D:10     | Reached skill level 10 in Fighting
 11355 | Lair:1   | Entered Level 1 of the Lair of Beasts
 11964 | Lair:1   | Reached XP level 12. HP: 49/79 MP: 13/13
 12157 | Lair:1   | Reached skill level 11 in Fighting
 13303 | Lair:2   | Noticed Amaemon
 13319 | Lair:2   | Reached skill level 15 in Axes
 13326 | Lair:2   | Killed Amaemon
 13327 | Lair:2   | Reached skill level 12 in Fighting
 14091 | Lair:2   | Found a staircase to the Shoals.
 14380 | Lair:3   | Found a one-way gate to the infinite horrors of the Abyss.
 14380 | Lair:3   | Noticed zenocrate's ghost (journeyman VSEn)
 14572 | Lair:3   | Noticed a six-headed hydra
 14579 | Lair:3   | Killed a six-headed hydra
 14608 | Lair:3   | Reached skill level 13 in Fighting
 14734 | Lair:3   | Found a staircase to the Snake Pit.
 14741 | Lair:3   | HP: 11/126 [poisoned by a naga (splash of poison)]
 14742 | Lair:3   | HP: 5/84 [poisoned by a naga (splash of poison)]
 15168 | Lair:3   | Found a transporter.
 15215 | Lair:3   | Found a transporter.
 15222 | Lair:3   | Reached XP level 13. HP: 67/88 MP: 14/14
 15393 | Lair:4   | Found a viscous altar of Jiyva.
 15396 | Lair:4   | Found a staircase to the Slime Pits.
 15436 | Lair:4   | Noticed Urug
 15441 | Lair:4   | Reached skill level 16 in Axes
 15450 | Lair:4   | Killed Urug
 15451 | Lair:4   | Reached skill level 14 in Fighting
 16335 | Lair:5   | Entered Level 5 of the Lair of Beasts
 16599 | Lair:4   | Reached skill level 15 in Fighting
 16730 | Lair:4   | Slain by a death yak

Vanquished Creatures
  2 death yaks (Lair:4)
  Urug (Lair:4)
  A fire crab (D:10)
  Amaemon (Lair:2)
  An ugly thing (D:9)
  3 elephants (Lair:4)
  Joseph (D:9)
  6 black mambas
  A merfolk siren (Lair:2)
  An orange demon (Lair:2)
  An unseen horror zombie (D:10)
  10 cane toads
  An unseen horror (D:10)
  Jeremiah (D:7)
  5 komodo dragons
  A rime drake (Lair:1)
  A troll (D:10)
  2 polar bears
  A hornet (D:10)
  A blink frog (Lair:4)
  3 wraiths
  A shadow (D:10)
  3 vampires
  2 basilisks (Lair:2)
  2 wyverns
  33 yaks
  Eustachio (D:4)
  A steam dragon (D:8)
  Menkaure (D:7)
  4 nagas (Lair:3)
  15 water moccasins
  2 sky beasts
  3 orc warriors
  6 ice beasts
  5 black bears
  3 wolves (Lair:4)
  2 ogres
  2 centaurs
  11 bullfrogs
  A gnoll sergeant (D:6)
  3 kobold brigands
  3 scorpions
  5 wights
  An elephant simulacrum (Lair:1)
  5 howler monkeys
  2 bombardier beetles
  3 centaur zombies (D:10)
  8 hounds
  Crazy Yiuf (D:7)
  A gnoll bouda (D:6)
  6 jellies
  6 orc priests
  An iguana (D:5)
  A sleepcap (D:6)
  22 orc wizards
  10 gnolls (D:6)
  8 adders
  A shadow imp (D:5)
  A white imp (D:7)
  5 dart slugs
  2 ribbon worms (D:2)
  40 orcs
  9 ball pythons
  4 endoplasms
  7 goblins
  11 hobgoblins
  4 quokkas
  6 bats
  A frilled lizard (D:2)
  22 kobolds
  5 rats
347 creatures vanquished.

Vanquished Creatures (collateral kills)
  A hydra (Lair:3)
  A boulder beetle (D:9)
  A black bear (Lair:3)
  An orc (D:7)
4 creatures vanquished.

Grand Total: 351 creatures vanquished

Table legend: (Time is in decaauts)
 A = Elapsed time spent in this place.
 B = Non-inter-level travel time spent in this place.
 C = Inter-level travel time spent in this place.
 D = Time resting spent in this place.
 E = Time spent auto-exploring this place.
 F = Levels seen in this place.
 G = Mean time per level.
                   A        B        C        D        E       F      G
               +--------+--------+--------+--------+--------+-----+--------+
         Total |  16894 |  16350 |    544 |   5192 |   8039 |  15 | 1126.3 |
       Dungeon |  11464 |  11145 |    319 |   3662 |   5118 |  10 | 1146.4 |
          Lair |   5430 |   5205 |    225 |   1529 |   2921 |   5 | 1086.0 |
               +--------+--------+--------+--------+--------+-----+--------+

Top non-repeatable levels by time:
     D:5: 2319 daAuts
  Lair:2: 1621 daAuts
     D:7: 1604 daAuts
     D:9: 1339 daAuts
  Lair:1: 1291 daAuts
  Lair:3: 1276 daAuts
  Lair:4: 1221 daAuts
     D:4: 1145 daAuts
     D:8: 1097 daAuts
    D:10: 1075 daAuts
     D:1: 814 daAuts
     D:6: 721 daAuts
     D:3: 701 daAuts
     D:2: 644 daAuts
  Lair:5: 19 daAuts

Table legend:
 A = Non-vault XP
 B = Vault XP
 C = Vault XP percentage of total XP
 D = Non-vault monster count
 E = Vault monster count
 F = Vault count percentage of total count
                 A         B        C        D         E       F
            +---------+---------+-------+---------+---------+-------
      Total |   33341 |    8320 |  20.0 |     312 |      39 |  11.1
            +---------+---------+-------+---------+---------+-------
        D:1 |      50 |       2 |   3.8 |      19 |       2 |   9.5
        D:2 |      68 |       0 |   0.0 |      26 |       0 |   0.0
        D:3 |     168 |       0 |   0.0 |      22 |       0 |   0.0
        D:4 |     453 |     191 |  29.7 |      24 |       1 |   4.0
        D:5 |    1687 |       0 |   0.0 |      29 |       0 |   0.0
        D:6 |    1097 |       0 |   0.0 |      31 |       0 |   0.0
        D:7 |     812 |    1035 |  56.0 |      37 |      13 |  26.0
        D:8 |    2316 |       0 |   0.0 |      19 |       0 |   0.0
        D:9 |    2752 |     672 |  19.6 |      13 |       2 |  13.3
       D:10 |    1564 |    3306 |  67.9 |       8 |      12 |  60.0
     Lair:1 |    3514 |      59 |   1.7 |      13 |       1 |   7.1
     Lair:2 |    3823 |    1627 |  29.9 |      18 |       3 |  14.3
     Lair:3 |    6838 |     636 |   8.5 |      26 |       4 |  13.3
     Lair:4 |    7643 |     792 |   9.4 |      25 |       1 |   3.8
     Lair:5 |     556 |       0 |   0.0 |       2 |       0 |   0.0
            +---------+---------+-------+---------+---------+-------
